 Dungeon Crawl Stone Soup version 0.19.5 (webtiles) character file.

55373 Inarius the Cruncher (level 14, -11/141 HPs)
             Began as a Minotaur Fighter on May 5, 2017.
             Was a High Priest of Nemelex Xobeh.
             Killed from afar by emiel's ghost (25 damage)
             ... with a bolt of negative energy
             ... on level 2 of the Orcish Mines on May 7, 2017.
             The game lasted 01:31:22 (22459 turns).

Inarius the Cruncher (Minotaur Fighter)            Turns: 22459, Time: 01:31:22

Health: -11/141    AC: 24    Str: 25    XL:     14   Next: 38%
Magic:  22/22      EV: 10    Int:  7    God:    Nemelex Xobeh [*****.]
Gold:   1285       SH:  5    Dex: 12    Spells: 1 memorised, 12 levels left

rFire  + . .     SeeInvis .     y - +7 quarterstaff (chaos)
rCold  x . .     Gourm    .     o - +3 plate armour {MR+}
rNeg   . . .     Faith    .     (shield currently unavailable)
rPois  .         Spirit   .     (helmet restricted)
rElec  .         Reflect  +     J - +0 cloak
rCorr  .         Harm     .     a - +2 pair of gloves {Str+3}
MR     ++...                    (no boots)
Stlth  ..........               T - +5 amulet of reflection
                                t - +2 ring of strength
                                V - ring of fire

@: heavily drained
A: retaliatory headbutt, horns 2, thin metallic scales 1, robust 1, weak 1
a: Triple Draw, Deal Four, Stack Five, Renounce Religion


You were on level 2 of the Orcish Mines.
You worshipped Nemelex Xobeh.
Nemelex Xobeh was extremely pleased with you.
You were not hungry.

You visited 4 branches of the dungeon, and saw 21 of its levels.
You also visited: Sewer.

You collected 1600 gold pieces.
You spent 315 gold pieces at shops.

Inventory:

Hand Weapons
 p - the +7 whip "Fesog Zotump" {antimagic, rF+ Stlth+}
   (You found it on level 6 of the Lair of Beasts)

   It reduces the magical energy of the wielder, and disrupts the spells and
   magical abilities of those hit.
   Natural abilities and divine invocations are not affected.
   It protects you from fire.
   It makes you more stealthy.
 w - a +3 mace of holy wrath
 y - a +7 quarterstaff of chaos (weapon)
 R - the +6 mace "Rethut" {venom, rElec}
   (You found it on level 12 of the Dungeon)

   It poisons the flesh of those it strikes.
   It insulates you from electricity.
Armour
 a - a +2 pair of gloves of strength (worn)
 c - a +0 shield
 o - a +3 plate armour of magic resistance (worn)
 I - a +4 plate armour of poison resistance
 J - a +0 cloak (worn)
Jewellery
 t - a +2 ring of strength (right hand)
 P - an uncursed ring of ice
 S - an uncursed ring of fire
 T - a +5 amulet of reflection (around neck)
 V - a ring of fire (left hand)
Wands
 e - a wand of polymorph (16/24)
Scrolls
 b - 2 scrolls of recharging
 d - 8 scrolls of remove curse
 g - 7 scrolls of teleportation
 n - 2 scrolls of magic mapping
 r - a scroll of blinking
 x - a scroll of brand weapon
 A - a scroll of torment
 B - 2 scrolls of fear
 O - a scroll of summoning
Potions
 i - a potion of agility
 l - 5 potions of curing
 m - 2 potions of might
 C - a potion of magic
 E - a potion of cancellation
 F - a potion of cure mutation
 H - a potion of invisibility
 K - 3 potions of berserk rage
 Q - 2 potions of haste
Miscellaneous
 j - a plain deck of destruction {drawn: 4}
 k - a plain deck of destruction
 q - a plain deck of escape
 s - a legendary deck of destruction
 z - an ornate deck of destruction
 L - an ornate deck of summoning
 M - a legendary deck of destruction
 U - an ornate deck of destruction
 W - a legendary deck of summoning
 Y - a legendary deck of summoning
 Z - a lamp of fire
Comestibles
 f - 10 bread rations
 h - a chunk of flesh
 v - 26 fruits
 G - 4 meat rations


   Skills:
 + Level 13.3(10.2) Fighting
   Level 7.0(4.5) Axes
 - Level 1.4(7.5) Maces & Flails
 + Level 13.9(10.8) Staves
 + Level 12.3(9.3) Armour
 * Level 9.7(6.9) Dodging
 - Level 1.6(0.0) Stealth
 + Level 7.2(4.6) Shields
 * Level 12.6(9.5) Invocations


You had 12 spell levels left.
You knew the following spells:

 Your Spells              Type           Power        Failure   Level  Hunger
a - Freeze                Ice            #...         100%        1    ##.....


Dungeon Overview and Level Annotations

Branches:
Dungeon (12/15)            Temple (1/1) D:6            Lair (6/6) D:11
 Shoals (0/4) Lair:3       Spider (0/4) Lair:3        Slime (0/5) Lair:5
    Orc (2/2) D:10            Elf (0/3) Orc:2

Altars:
Cheibriados
Dithmenos
Fedhas
Gozag
Kikubaaqudgha
Makhleb
Nemelex Xobeh
Okawaru
Sif Muna
Trog
Uskayaw
Vehumet
Yredelemnul
The Shining One

Shops:
D:7 [   Orc:2 =

Annotations:
Orc:2 emiel's ghost, journeyman DrFi


Innate Abilities, Weirdness & Mutations

You reflexively headbutt those who attack you in melee.
You have a pair of horns on your head.
You are partially covered in thin metallic scales. (AC +2)
You are robust. (+10% HP)
You are weak. (Str -2)


Message History

You miss something. Your headbutt misses something.
Something hits you but does no damage.
You miss something.
A bolt of negative energy appears from out of thin air!
The bolt of negative energy misses you.
Press: ? - help, v - describe, . - travel The floor, spattered with blood.
You completely miss something. You headbutt something!
You block something's attack.
Things that are here:
a plate armour; a halberd You block something's attack.
You closely miss something.
A bolt of negative energy appears from out of thin air!
The bolt of negative energy hits you!
You feel drained.
* * * LOW HITPOINT WARNING * * *
A bolt of negative energy appears from out of thin air!
The bolt of negative energy hits you!
You feel drained.
You die...
Your body disappears without a glow.

.....##.##............###
......#.###.........(...#
.......#..##.....([......# #
...........[..)..)[......####
.......[........).[[.)......
..........[..[...)).[[......
.##<.........)<[[##..).....>
##.....)..)$[.###.........
#.......@[)### ##........
###....(..)[######.........
#..(.....).[.#..####.......
..##......[[.......#.#....#...
..#.....(..[..............#..#
...PP....().[............##...
..............#............P..
...........PP.#...............
...........P.###........P.P...


There were no monsters in sight!

Vanquished Creatures
  Gastronok (Lair:3)
  2 orc warlords
  A dire elephant (Lair:6)
  An ettin (Orc:2)
  The ghost of buskinjo the Grappler, a journeyman DrTm of the Shining One (D:9)
  3 hydras
  A catoblepas (Lair:6)
  A deep troll shaman (Lair:6)
  2 orc high priests (Orc:2)
  Nergalle (D:12)
  A hill giant (D:10)
  2 orc knights (Orc:1)
  An unseen horror (D:12)
  A deep elf mage (D:12)
  4 orc sorcerers (Orc:2)
  2 manticores (D:11)
  Maurice (D:11)
  3 black mambas
  3 elephants (Lair:6)
  A gargoyle (D:12)
  9 spiny frogs
  A rime drake (Lair:5)
  7 komodo dragons
  3 trolls (Orc:2)
  A hornet (D:11)
  A jumping spider (Lair:2)
  5 polar bears
  A two-headed ogre (D:11)
  16 blink frogs
  2 dream sheep (Lair:6)
  7 hippogriffs
  A snapping turtle (Lair:3)
  Sigmund (D:5)
  A redback (Lair:2)
  2 basilisks
  4 wyverns
  29 yaks
  A steam dragon (D:10)
  4 wargs
  6 water moccasins
  9 porcupines
  Duvessa (D:4)
  2 black bears
  22 orc warriors
  3 ice beasts
  A necrophage (D:12)
  A sky beast (D:5)
  10 ogres
  5 wolves
  10 centaurs
  13 crocodiles
  3 big kobolds
  18 bullfrogs
  A wyvern zombie (D:6)
  2 gnoll sergeants (D:10)
  Dowan (D:4)
  A water moccasin zombie (D:5)
  A scorpion (Orc:1)
  2 howler monkeys (D:10)
  4 electric eels
  3 crimson imps
  4 bullfrog zombies
  2 centaur zombies
  A quasit (D:6)
  A centaur skeleton (D:9)
  Crazy Yiuf (D:4)
  5 hounds
  2 jellies
  9 orc priests
  13 orc wizards
  Ijyb (D:2)
  2 iguanas
  4 worker ants
  2 hound zombies
  2 hound skeletons
  2 worker ant zombies
  A howler monkey skeleton (D:8)
  19 adders
  11 gnolls
  A shadow imp (D:11)
  9 oozes (Sewer)
  An adder skeleton (D:5)
  6 worms
  3 dart slugs (D:2)
  17 leopard geckos
  58 orcs
  15 giant cockroaches
  16 hobgoblins
  12 jackals
  4 quokkas
  18 ball pythons (Sewer)
  8 bats
  16 frilled lizards
  A giant cockroach zombie (D:3)
  19 goblins
  A jackal zombie (D:7)
  14 kobolds
  6 rats
  A fungus (Lair:1)
  A plant (Lair:6)
557 creatures vanquished.

Vanquished Creatures (collateral kills)
  Josephine (Lair:6)
  Erolcha (D:12)
  A hydra (Lair:1)
  3 death yaks (Lair:6)
  An orc sorcerer (Orc:2)
  An elephant (Lair:6)
  A black mamba (Lair:6)
  4 spiny frogs (Lair:4)
  3 rime drakes (Lair:6)
  2 jumping spiders (Lair:2)
  2 blink frogs (Lair:6)
  2 dream sheep (Lair:6)
  3 wraiths (Lair:6)
  Grum (Lair:1)
  2 wargs
  A soldier ant (shapeshifter) (Lair:6)
  A water moccasin (Lair:6)
  2 orc warriors
  An ogre (D:10)
  9 wolves
  A centaur (Orc:2)
  A crocodile (Lair:6)
  3 orc wizards
  A worker ant (D:11)
  A hell rat (Orc:2)
  3 gnolls
  A worm (Orc:2)
  2 orcs (Orc:2)
  A fungus (Lair:1)
  A plant (Lair:6)
57 creatures vanquished.

Vanquished Creatures (others)
  An orc sorcerer (Orc:2)
  A warg (Orc:2)
  2 orc warriors (Orc:2)
  A bullfrog (Lair:1)
  A jelly (Orc:2)
  2 orc priests (Orc:2)
  An orc wizard (Orc:2)
  A ball lightning (Orc:2)
  7 orcs (Orc:2)
  A kobold (D:7)
  22 fungi
  9 plants
49 creatures vanquished.

Grand Total: 663 creatures vanquished

Notes
Turn   | Place    | Note
-------+----------+-------------------------------------------
     0 | D:1      | Inarius the Minotaur Fighter began the quest for the Orb.
     0 | D:1      | Reached XP level 1. HP: 19/19 MP: 0/0
   171 | D:1      | Reached XP level 2. HP: 27/27 MP: 1/1
   911 | D:2      | Reached XP level 3. HP: 25/33 MP: 2/2
  1297 | D:2      | Reached XP level 4. HP: 37/40 MP: 3/3
  1516 | D:2      | Noticed Ijyb
  1560 | D:2      | Killed Ijyb
  1663 | D:3      | Reached XP level 5. HP: 39/46 MP: 4/4
  1679 | D:3      | Reached skill level 1 in Dodging
  1750 | D:3      | Found a glowing drain.
  1775 | Sewer    | Entered a sewer
  1850 | Sewer    | Reached skill level 5 in Axes
  2007 | Sewer    | Reached XP level 6. HP: 53/53 MP: 5/5
  2082 | Sewer    | Reached skill level 5 in Armour
  2091 | Sewer    | Reached skill level 5 in Shields
  2929 | D:4      | Noticed Duvessa
  3017 | D:4      | Killed Duvessa
  3017 | D:4      | Reached XP level 7. HP: 56/60 MP: 6/6
  3024 | D:4      | Noticed Dowan
  3031 | D:4      | HP: 2/60 [Dowan/stone arrow (19)]
  3327 | D:4      | Killed Dowan
  3874 | D:4      | Found a runed door.
  3878 | D:4      | Noticed Crazy Yiuf
  3883 | D:4      | Killed Crazy Yiuf
  3883 | D:4      | Reached skill level 5 in Fighting
  4207 | D:4      | Reached skill level 1 in Maces & Flails
  4388 | D:5      | Entered Level 5 of the Dungeon
  4405 | D:5      | Reached skill level 1 in Staves
  4445 | D:5      | Reached XP level 8. HP: 50/68 MP: 7/7
  4609 | D:5      | Found a blossoming altar of Fedhas.
  4658 | D:5      | Noticed Prince Ribbit
  4661 | D:5      | Noticed Sigmund
  4668 | D:5      | Noticed Prince Ribbit
  4668 | D:5      | Prince Ribbit changed into Prince Ribbit the sky beast
  4692 | D:5      | Killed Prince Ribbit the sky beast
  5035 | D:5      | Killed Sigmund
  5518 | D:6      | Found a staircase to the Ecumenical Temple.
  5543 | Temple   | Entered the Ecumenical Temple
  5547 | Temple   | Became a worshipper of Nemelex Xobeh the Trickster
  5601 | D:6      | Reached skill level 1 in Stealth
  5806 | D:7      | Received a gift from Nemelex Xobeh
  5857 | D:7      | Reached skill level 5 in Staves
  5880 | D:7      | HP: 3/71 [poisoned by kobold (curare-tipped needle)]
  5887 | D:6      | HP: 3/71 [poisoned by kobold (curare-tipped needle)]
  6258 | D:7      | Reached skill level 1 in Invocations
  6682 | D:7      | Reached XP level 9. HP: 66/78 MP: 7/9
  7010 | D:7      | Found Livil's Antique Armour Boutique.
  7013 | D:7      | Bought a pair of runed gloves for 315 gold pieces
  7232 | D:7      | Reached skill level 10 in Fighting
  7232 | D:7      | Reached XP level 10. HP: 93/93 MP: 9/16
  8046 | D:8      | Reached * piety under Nemelex Xobeh
  8411 | D:9      | Received a gift from Nemelex Xobeh
  8669 | D:9      | Received a gift from Nemelex Xobeh
  8766 | D:9      | Noticed buskinjo's ghost (journeyman DrTm)
  8767 | D:9      | Reached ** piety under Nemelex Xobeh
  9159 | D:9      | Killed buskinjo's ghost
  9710 | D:10     | Entered Level 10 of the Dungeon
  9833 | D:10     | Found a staircase to the Orcish Mines.
  9885 | D:10     | Received a gift from Nemelex Xobeh
 10059 | D:10     | Reached skill level 10 in Invocations
 10849 | D:11     | Reached XP level 11. HP: 53/101 MP: 17/17
 10851 | D:11     | Found a staircase to the Lair.
 11109 | D:11     | Noticed Maurice
 11124 | D:11     | Killed Maurice
 11348 | D:11     | Reached *** piety under Nemelex Xobeh
 11348 | D:11     | Received a gift from Nemelex Xobeh
 11440 | D:11     | You fall through a shaft!
 11471 | D:12     | Noticed a deep elf mage
 11480 | D:12     | Killed a deep elf mage
 11506 | D:12     | Killed an unseen horror
 11659 | D:12     | Noticed Nergalle
 11681 | D:12     | Killed Nergalle
 11707 | D:12     | Noticed Erolcha
 11724 | D:12     | Killed Erolcha
 11724 | D:12     | Reached skill level 5 in Dodging
 11757 | D:12     | Got an ichor-stained mace
 11822 | D:11     | Identified the +6 mace "Rethut" {venom, rElec} (You found it on level 12 of the Dungeon)
 12103 | D:11     | Reached skill level 10 in Staves
 12665 | Lair:1   | Entered Level 1 of the Lair of Beasts
 12665 | Lair:1   | Noticed Grum
 12676 | Lair:1   | Killed Grum
 12690 | Lair:1   | Noticed an eight-headed hydra
 12711 | D:11     | Killed an eight-headed hydra
 12992 | Lair:1   | Reached XP level 12. HP: 110/110 MP: 19/19
 13052 | Lair:1   | Received a gift from Nemelex Xobeh
 13098 | Lair:1   | Received a gift from Nemelex Xobeh
 13395 | Lair:1   | Learned a level 1 spell: Freeze
 13400 | Lair:1   | Noticed a seven-headed hydra
 13410 | Lair:1   | Killed a seven-headed hydra
 14480 | Lair:2   | Reached **** piety under Nemelex Xobeh
 14480 | Lair:2   | Received a gift from Nemelex Xobeh
 14661 | Lair:2   | Reached skill level 10 in Armour
 14813 | Lair:2   | Received a gift from Nemelex Xobeh
 15098 | Lair:3   | Found a hole to the Spider Nest.
 15385 | Lair:3   | Noticed Gastronok
 15404 | Lair:3   | Killed Gastronok
 15857 | Lair:3   | Received a gift from Nemelex Xobeh
 15943 | Lair:3   | Gained mutation: You are partially covered in thin metallic scales. (AC +2) [potion of mutation]
 15943 | Lair:3   | Gained mutation: You are weak. (Str -2) [potion of mutation]
 15943 | Lair:3   | Gained mutation: You are robust. (+10% HP) [potion of mutation]
 16015 | Lair:3   | Found a staircase to the Shoals.
 16472 | Lair:4   | Received a gift from Nemelex Xobeh
 16498 | Lair:4   | Reached ***** piety under Nemelex Xobeh
 16582 | Lair:4   | Received a gift from Nemelex Xobeh
 16661 | Lair:4   | Reached XP level 13. HP: 116/129 MP: 20/20
 17483 | Lair:5   | Found a staircase to the Slime Pits.
 17618 | Lair:5   | Received a gift from Nemelex Xobeh
 18088 | Lair:5   | Received a gift from Nemelex Xobeh
 18694 | Lair:6   | Entered Level 6 of the Lair of Beasts
 18707 | Lair:6   | Noticed Josephine
 18716 | Lair:6   | Killed Josephine
 18966 | Lair:6   | Received a gift from Nemelex Xobeh
 19459 | Lair:6   | Noticed a dire elephant
 19472 | Lair:6   | Killed a dire elephant
 19481 | Lair:6   | Got a pitted whip
 19482 | Lair:6   | Identified the Reference Book on Ghastly Creation
 19495 | Lair:6   | Identified the +7 whip "Fesog Zotump" {antimagic, rF+ Stlth+} (You found it on level 6 of the Lair of Beasts)
 19772 | Lair:6   | Identified the Papyrus of the Thoughtful Stars
 20446 | Orc:1    | Entered Level 1 of the Orcish Mines
 20583 | Orc:2    | Entered Level 2 of the Orcish Mines
 20583 | Orc:2    | Received a gift from Nemelex Xobeh
 20633 | Orc:2    | Reached XP level 14. HP: 141/141 MP: 22/22
 20644 | Orc:2    | Noticed an orc warlord
 20999 | Orc:1    | Killed an orc warlord
 21615 | Orc:2    | Found a staircase to the Elven Halls.
 21643 | Orc:2    | Noticed an orc warlord
 21805 | Orc:2    | Killed an orc warlord
 21814 | Orc:2    | Found Leyweolu's Jewellery Shoppe.
 21852 | Orc:2    | Paralysed by an orc sorcerer for 6 turns
 22203 | Orc:2    | Found Cautsug's Antique Armour Shop.
 22245 | Orc:2    | Noticed emiel's ghost (journeyman DrFi)
 22459 | Orc:2    | Killed from afar by emiel's ghost

Skill      XL: |  1  2  3  4  5  6  7  8  9 10 11 12 13 14 |
---------------+-------------------------------------------+-----
Armour         | 4 5 6 7 8 9 10 11 12 | 12.3
Axes           | 3 4 5 6 7 |  7.0
Shields        | 4 5 6 7 |  7.2
Fighting       | 4 5 6 10 11 12 13 | 13.3
Dodging        | 1 2 3 5 7 9 |  9.7
Maces & Flails | 1 |  1.4
Staves         | 2 6 8 10 12 13 | 13.9
Stealth        | 1 |  1.6
Invocations    | 1 9 10 11 12 | 12.6

Action                   |  1- 3 |  4- 6 |  7- 9 | 10-12 | 13-15 || total
-------------------------+-------+-------+-------+-------+-------++-------
Melee: War axe           |    86 |   213 |    24 |       |       ||   323
       Headbutt          |    16 |    24 |    34 |   170 |   112 ||   356
       Quarterstaff      |       |       |   144 |   675 |   478 ||  1297
       Mace              |       |       |    30 |    17 |       ||    47
Invok: Deal Four         |       |       |       |       |     2 ||     2
Evoke: Deck              |       |       |       |    20 |    25 ||    45
  Use: Scroll            |       |    10 |     7 |     9 |    10 ||    36
       Potion            |       |     1 |     2 |     7 |     3 ||    13
 Stab: Petrified         |       |       |     8 |     2 |     5 ||    15
       Paralysed         |       |       |     3 |     6 |     2 ||    11
       Confused          |       |       |       |     3 |     1 ||     4
       Petrifying        |       |       |       |     2 |     2 ||     4
       Distracted        |       |       |       |       |     3 ||     3
  Eat: Chunk             |     1 |     6 |     6 |    24 |    12 ||    49
       Meat ration       |       |       |     1 |     1 |       ||     2
       Fruit             |       |       |     2 |     2 |     1 ||     5
       Pizza             |       |       |     1 |       |     1 ||     2
       Beef jerky        |       |       |       |       |     2 ||     2
       Royal jelly       |       |       |       |       |     1 ||     1
Armor: Scale mail        |    38 |       |       |       |       ||    38
       Ring mail         |       |    80 |    15 |       |       ||    95
       Chain mail        |       |       |    65 |    24 |       ||    89
       Plate armour      |       |       |       |   380 |   199 ||   579
Dodge: Dodged            |    37 |    79 |    93 |   297 |   185 ||   691
Block: Shield            |    46 |   128 |    29 |       |       ||   203
       Other             |       |       |       |    89 |    92 ||   181
       Reflection        |       |       |       |     6 |     1 ||     7
